 Dungeon Crawl Stone Soup version 0.29.1-12-g30fa7ad0bf (webtiles) character file.

Game seed: 16299365052272051893

4984 styxcanada the Covert (level 10, -2/49 HPs)
             Began as a Spriggan Brigand on Dec 18, 2022.
             Killed by divine providence
             ... invoked by an orc priest
              (17 damage)
             ... on level 8 of the Dungeon.
             The game lasted 00:44:55 (12131 turns).

styxcanada the Covert (Spriggan Brigand)           Turns: 12131, Time: 00:44:56

Health: -2/49      AC: 16    Str:  7    XL:     10   Next: 29%
Magic:  11/20      EV: 22    Int: 12    God:
Gold:   500        SH:  0    Dex: 22    Spells: 14/21 levels left

rFire   + . .      SeeInvis +   a - +4 dagger (protect)
rCold   + . .      Faith    .   (no shield)
rNeg    . . .      Spirit   .   q - +2 robe {rF+}
rPois   .          Reflect  .   (helmet restricted)
rElec   .          Harm     .   c - +0 cloak
rCorr   .          Rampage  .   (gloves unavailable)
Will    +....                   (boots unavailable)
Stlth   ++++++....              (no amulet)
HPRegen 0.16/turn               z - +4 ring of protection
MPRegen 0.17/turn               o - ring of protection from cold

@: under a protective aura, very quick
A: very small, no large weapons, unfitting armour, see invisible, speed 3
a: no special abilities


You were on level 8 of the Dungeon.
You visited 2 branches of the dungeon, and saw 9 of its levels.
You also visited: Sewer.

You collected 536 gold pieces.
You spent 36 gold pieces at shops.

Inventory:

Hand Weapons
 a - a +4 dagger of protection (weapon)
 F - a +0 sling
 G - a +2 long sword of draining
Missiles
 e - a curare-tipped dart
 f - 68 stones
 h - 10 poisoned darts (quivered)
 s - 6 atropa-tipped darts
 B - 5 boomerangs
Armour
 c - a +0 cloak (worn)
 q - a +2 robe of fire resistance (worn)
 C - a scarf of resistance
Jewellery
 i - a ring of flight
 o - a ring of protection from cold (right hand)
 z - a +4 ring of protection (left hand)
Wands
 A - a wand of mindburst (34)
 D - a wand of polymorph (4)
Scrolls
 d - 2 scrolls of fear
 n - 5 scrolls of teleportation
 v - a scroll of enchant weapon
 w - 3 scrolls of butterflies
 x - 2 scrolls of enchant armour
 y - a scroll of poison
Potions
 b - 2 potions of invisibility
 g - 4 potions of magic
 k - 6 potions of flight
 l - a potion of cancellation
 m - 6 potions of curing
 p - a potion of lignification
 r - a potion of attraction {unknown}
 t - a potion of resistance {unknown}
 u - a potion of haste
 E - a potion of might {unknown}


   Skills:
 + Level 3.3 Fighting
 + Level 4.5 Short Blades
 + Level 3.6 Throwing
 * Level 6.4 Dodging
 * Level 14.2 Stealth
 * Level 6.4 Spellcasting
 * Level 6.2 Hexes
 * Level 0.2 Translocations
 * Level 3.8 Ice Magic
 * Level 5.0 Evocations


You had 14 spell levels left.
You knew the following spells:

 Your Spells              Type           Power      Damage    Failure   Level
a - Ensorcelled Hibernat  Hex/Ice        30%        N/A       3%          2
b - Confusing Touch       Hex            18%        N/A       4%          3
c - Blink                 Tloc           8%         N/A       24%         2

Your spell library contained the following spells:

 Spells                   Type           Power      Damage    Failure   Level
 Slow                     Hex            72%        N/A       1%          1
 Apportation              Tloc           8%         N/A       16%         1
 Beastly Appendage        Tmut           6%         N/A       17%         1
 Passwall                 Tmut/Erth      2%         N/A       26%         2
 Sublimation of Blood     Necr           3%         N/A       26%         2
 Wereblood                Tmut           3%         N/A       26%         2
 Gell's Gravitas          Tloc           4%         N/A       43%         3
 Lesser Beckoning         Tloc           4%         N/A       43%         3
 Teleport Other           Tloc           4%         N/A       43%         3
 Anguish                  Hex/Necr       5%         N/A       43%         4
 Spider Form              Tmut/Pois      3%         N/A       45%         3
 Swiftness                Air            3%         N/A       45%         3
 Vampiric Draining        Necr           3%         2d6       45%         3
 Silence                  Hex/Air        5%         N/A       78%         5
 Passage of Golubria      Tloc           4%         N/A       85%         4
 Petrify                  Tmut/Erth      3%         N/A       86%         4
 Alistair's Intoxication  Tmut/Pois      2%         N/A       99%         5
 Irradiate                Conj/Tmut      1%         3d12      99%         5
 Manifold Assault         Tloc           4%         N/A       99%         5
 Dispersal                Tloc           2%         N/A       100%        6
 Lehudib's Crystal Spear  Conj/Erth      1%         10d2      100%        8


Dungeon Overview and Level Annotations

Branches:
Dungeon (8/15)             Temple (1/1) D:5            Lair (0/5) D:8
  Sewer (visited)

Altars:
Dithmenos
Elyvilon
Fedhas
Hepliaklqana
Makhleb
Nemelex Xobeh
Qazlal
Ru
Sif Muna
Trog
Uskayaw
Vehumet
Wu Jian
Xom
Zin
The Shining One

Shops:
D:4 =   D:5 (


Innate Abilities, Weirdness & Mutations

You are very small and have problems with some larger weapons.
You are too small for most types of armour.
You have supernaturally acute eyesight. (SInv)
You cover ground extremely quickly. (Speed+++)


Message History

Aiming: Ensorcelled Hibernation (safe; 3% risk of failure)
Press: ? - help, Shift-Dir - straight line, f/p - orc wizard
Aim: an orc wizard, wielding a +0 dagger and wearing a +0 leather armour (slightly transparent, chance to affect: 49%)
The orc wizard resists with some effort.
You catch the helpless yak completely off-guard!
You perforate the yak like a sieve!!!
Your weapon exudes an aura of protection.
You kill the yak!
The orc priest casts a cantrip, but nothing happens.
Your Stealth skill increases to level 14!
You hit the orc wizard.
The orc wizard is moderately wounded.
The orc wizard hits you with a +0 dagger.
The orc priest mumbles some strange prayers to Beogh against you.
Beogh smites you!
You hit the orc wizard but do no damage.
The orc wizard is moderately wounded.
You closely miss the orc wizard.
The orc wizard is moderately wounded.
The orc wizard closely misses you.
You hit the orc wizard.
The orc wizard is heavily wounded.
The orc wizard completely misses you.
You hit the orc wizard but do no damage.
The orc wizard is heavily wounded.
The orc wizard completely misses you.
You closely miss the orc wizard.
The orc wizard is heavily wounded.
The orc wizard hits you but does no damage.
The orc priest invokes the aid of Beogh against you.
Beogh smites you!
Casting: Ensorcelled Hibernation (safe; 3% risk of failure)
Confirm with . or Enter, or press ? or * to list all spells.
Aiming: Ensorcelled Hibernation (safe; 3% risk of failure)
Press: ? - help, Shift-Dir - straight line, f/p - orc wizard
Aim: an orc wizard, wielding a +0 dagger and wearing a +0 leather armour (heavily wounded, slightly transparent, chance to affect: 49%)
The orc wizard looks drowsy...
The orc priest invokes the aid of Beogh against you.
Beogh smites you!
You die...

########........♣....##..
#.............P......P...
#............P.o......P..
#..........).P..P.♣....♣.
#........###......♣o.....
#........##...........P.♣
#......oY##....P....P....
########o##......Y>..((..
#@##..............
#.................
###.#.............
#.#..........♣..
.#.....P.♣...#
.....$......##
#$..P....### ##


You could see a yak, an orc priest and an orc wizard (invisible, asleep).

Vanquished Creatures
  Maggie (D:6)
  7 yaks
  3 wyverns (D:8)
  A basilisk (D:8)
  Menkaure (D:7)
  3 water moccasins (D:8)
  A black bear (D:4)
  2 orc warriors
  An ice beast (D:6)
  A centaur (D:7)
  A phantom (D:6)
  A kobold brigand (D:8)
  Blork the orc (D:6)
  3 bullfrogs
  A gnoll sergeant (D:7)
  2 necrophages
  A scorpion (D:7)
  4 wights (D:7)
  14 killer bees
  An orc priest (D:7)
  A hound (D:4)
  A jelly (D:4)
  6 orc wizards
  Natasha (thrice) (D:3)
  7 iguanas
  A merfolk siren (Sewer)
  A merfolk avatar (Sewer)
  3 gnolls (D:7)
  9 adders
  A river rat (Sewer)
  A shadow imp (D:8)
  5 white imps
  An ufetubus (D:6)
  3 worms
  3 dart slugs
  20 orcs
  17 ball pythons
  8 endoplasms
  8 giant cockroaches
  A goblin (D:4)
  5 hobgoblins
  3 jackals (D:5)
  8 kobolds
  4 quokkas
  A bat (D:2)
  8 frilled lizards
  22 rats
201 creatures vanquished.

Vanquished Creatures (others)
  4 fungi (D:8)
  16 plants (D:8)
20 creatures vanquished.

Grand Total: 221 creatures vanquished

Notes
Turn   | Place    | Note
-------+----------+-------------------------------------------
     0 | D:1      | styxcanada the Spriggan Brigand began the quest for the
                  | Orb.
     0 | D:1      | Reached XP level 1. HP: 10/10 MP: 2/2
   180 | D:1      | Reached skill level 6 in Stealth
   480 | D:1      | Reached XP level 2. HP: 15/15 MP: 3/3
  1377 | D:2      | Reached XP level 3. HP: 18/18 MP: 4/4
  1727 | D:2      | Reached skill level 7 in Stealth
  2504 | D:3      | Reached skill level 1 in Spellcasting
  2518 | D:3      | Learned a level 2 spell: Ensorcelled Hibernation
  2846 | D:3      | Found a sparkling altar of Nemelex Xobeh.
  2846 | D:3      | Noticed Natasha
  2857 | D:3      | Killed Natasha
  2858 | D:3      | Reached XP level 4. HP: 11/23 MP: 6/6
  3115 | D:3      | Noticed Natasha
  3129 | D:3      | Killed Natasha
  3155 | D:3      | Noticed Natasha
  3185 | D:3      | Killed Natasha
  3186 | D:3      | Reached XP level 5. HP: 5/26 MP: 6/8
  3827 | D:4      | Reached skill level 8 in Stealth
  4008 | D:4      | Reached skill level 1 in Hexes
  4129 | D:4      | Found Miur's Jewellery Shop.
  4395 | D:4      | Reached skill level 1 in Ice Magic
  4668 | D:4      | Noticed a black bear
  4711 | D:4      | Killed a black bear
  4712 | D:4      | Reached XP level 6. HP: 31/31 MP: 8/10
  5817 | D:5      | Entered Level 5 of the Dungeon
  5820 | D:5      | Found Ycunodab's Weapon Shoppe.
  5828 | D:5      | Bought 6 poisoned darts for 36 gold pieces
  5853 | D:5      | Found a hazy altar of Hepliaklqana.
  5893 | D:5      | Found a glowing silver altar of Zin.
  6395 | D:5      | Found a staircase to the Ecumenical Temple.
  6400 | Temple   | Entered the Ecumenical Temple
  6679 | D:5      | Found a glowing drain.
  6689 | Sewer    | Entered a sewer
  6861 | Sewer    | Reached XP level 7. HP: 35/35 MP: 11/11
  7508 | D:5      | Learned a level 3 spell: Confusing Touch
  7546 | D:5      | Reached skill level 9 in Stealth
  7668 | D:6      | Noticed Blork the orc
  7690 | D:6      | Killed Blork the orc
  7927 | D:6      | Noticed Maggie
  7953 | D:6      | Killed Maggie
  7954 | D:6      | Reached skill level 1 in Evocations
  7954 | D:6      | Reached XP level 8. HP: 37/40 MP: 3/14
  8293 | D:6      | Identified the +4 ring mail of the Boiling Point {rPois
                  | rCorr Int+4}
  8343 | D:6      | Reached skill level 10 in Stealth
  8919 | D:7      | Found a blossoming altar of Fedhas.
  8963 | D:7      | Noticed Menkaure
  9390 | D:7      | Found an ornate altar of the Wu Jian Council.
  9717 | D:7      | Reached skill level 5 in Dodging
  9717 | D:7      | Reached skill level 11 in Stealth
  9751 | D:7      | Reached XP level 9. HP: 44/44 MP: 12/16
 10300 | D:7      | Killed Menkaure
 10301 | D:7      | Reached skill level 5 in Spellcasting
 10306 | D:7      | Reached skill level 5 in Hexes
 10987 | D:8      | Reached skill level 12 in Stealth
 11083 | D:8      | Found a staircase to the Lair.
 11114 | D:7      | HP: 1/44 [white imp/puff of frost (2)]
 11513 | D:7      | Reached skill level 13 in Stealth
 11513 | D:7      | Reached XP level 10. HP: 43/49 MP: 14/20
 11665 | D:8      | Reached skill level 5 in Evocations
 11708 | D:8      | Learned a level 2 spell: Blink
 12125 | D:8      | Reached skill level 14 in Stealth
 12131 | D:8      | Killed from afar by an orc priest

Illustrated notes

Levels and vault maps discovered:
D:1:      psy_arrival_whirlpool, layout_loops_corners
D:2:      layout_basic, chequers_hall_statues_wall_a, minmay_worlds_worst_comb
D:3:      layout_loops_ring, nemelex_dance_club_becter, minmay_misc_feat_doors,
          uniq_natasha
D:4:      layout_layer_cave, nicolae_stop_n_shop_1
D:5:      layout_loops_ring, mainiacjoe_overflow_chevrons,
          mainiacjoe_overflow_cross_hatched, minmay_temple_entry_offerings,
          serial_shops, shop, cheibrodos_sewer_entry_drain
D:6:      layout_basic, uniq_blork_the_orc, uniq_maggie
D:7:      layout_basic, fedhas_bush_and_centaur_altar, old_standard_altar,
          kennysheep_generic_room_5, uniq_menkaure
D:8:      layout_basic, mainiacjoe_overflow_alcove_4, minmay_lair_entry_grove
Temple:   nicolae_temple_bog_church

Skill      XL: |  1  2  3  4  5  6  7  8  9 10 |
---------------+-------------------------------+-----
Stealth        | 6 7 8 9 11 13 14 | 14.2
Fighting       | 2 3 |  3.3
Spellcasting   | 1 2 3 4 6 |  6.4
Dodging        | 2 4 5 6 |  6.4
Hexes          | 1 2 3 4 6 |  6.2
Ice Magic      | 1 2 3 |  3.8
Throwing       | 3 |  3.6
Short Blades   | 3 4 |  4.5
Evocations     | 1 3 4 5 |  5.0
Translocations | |  0.2

Action                   |  1- 3 |  4- 6 |  7- 9 | 10-12 || total
-------------------------+-------+-------+-------+-------++-------
Melee: Dagger            |    78 |   191 |   317 |    39 ||   625
       Punch             |       |     3 |     3 |     2 ||     8
Throw: Dart              |    26 |    45 |    19 |       ||    90
       Stone             |     1 |     1 |       |       ||     2
 Cast: Ensorcelled Hiber |       |       |    42 |    12 ||    54
       Confusing Touch   |       |       |    15 |     3 ||    18
Evoke: Wand              |       |       |     2 |       ||     2
  Use: Scroll            |     9 |     4 |     4 |     1 ||    18
       Potion            |       |       |     5 |       ||     5
 Stab: Sleeping          |    17 |    13 |    34 |    10 ||    74
       Confused          |       |       |     8 |     2 ||    10
       Invisible         |       |       |     8 |       ||     8
       Distracted        |       |       |     1 |     1 ||     2
       Petrifying        |       |       |     1 |       ||     1
Armor: Robe              |     5 |    27 |    84 |     3 ||   119
Dodge: Dodged            |    38 |   127 |   322 |    17 ||   504
